 Seeded DCSS version 0.29-a0-1016-g236c7fd91e (webtiles) character file.

Game seed: 2769810412126916646 (custom seed)

101363 flotson the Fighter (level 15, -4/119 (125) HPs)
             Began as a Demonspawn Delver on Aug 10, 2022.
             Was an Initiate of Gozag.
             Blown up by a lich (77 damage)
             ... with an orb of destruction
             ... on level 15 of the Dungeon.
             The game lasted 00:54:22 (37806 turns).

flotson the Fighter (Demonspawn Delver)            Turns: 37806, Time: 00:54:23

HP:   -4/119 (125)  AC: 17    Str: 18    XL:     15   Next: 83%
MP:   15/15         EV: 25    Int: 12    God:    Gozag
Gold: 1844          SH:  0    Dex: 22    Spells: 14/14 levels left

rFire   . . .      SeeInvis +   a - +8 frozen axe "Frostbite" {freezing cloud, *Noise Fly rC+}
rCold   + . .      Faith    .   (shield currently unavailable)
rNeg    . . .      Spirit   .   x - +5 robe of Night {Dark Will+ SInv}
rPois   +          Reflect  .   (helmet unavailable)
rElec   .          Harm     .   S - +2 cloak {rPois}
rCorr   .          Rampage  .   i - +0 pair of gloves {infuse}
Will    ++...                   N - +2 pair of boots {Fly}
Stlth   +++.......              B - amulet of magic regeneration
HPRegen 0.29/turn               k - +4 ring of evasion
MPRegen 0.54/turn               u - +6 ring of dexterity

@: flying, lightly drained
A: horns 3, rugged brown scales 1, demonic guardian 1, foul stench 2
a: Renounce Religion, Potion Petition, Call Merchant, Bribe Branch


You were on level 15 of the Dungeon.
You worshipped Gozag.
Gozag was most pleased with you.
You visited 4 branches of the dungeon, and saw 23 of its levels.
You also visited: Bailey and Ice Cave.

You collected 8099 gold pieces.
You spent 3848 gold pieces at shops.
You paid 2407 gold pieces to Gozag.

Inventory:

Hand Weapons
 a - the +8 frozen axe "Frostbite" (weapon) {freezing cloud, *Noise Fly rC+}
   (You acquired it on level 4 of the Dungeon)

   It freezes those it strikes, dealing additional cold damage.
   It can also slow down cold-blooded creatures.
   It occasionally leaves clouds of freezing vapour upon striking a foe.
   It grants immunity to clouds of freezing vapour.
   rC:        It protects you from cold.
   Fly:       It grants you flight.
   *Noise:    It may make noises in combat.
Missiles
 w - 12 javelins (quivered)
 G - a boomerang of dispersal
 H - 2 throwing nets
 M - 26 boomerangs
 O - 35 poisoned darts
 W - 5 curare-tipped darts
Armour
 i - a +0 pair of gloves of infusion (worn)
 v - +1 fire dragon scales
 x - the +5 robe of Night (worn) {Dark Will+ SInv}
   (You bought it in a shop on level 2 of the Orcish Mines)

   It shrouds the wearer in darkness, reducing the range at which they can see
   and be seen by others.
   SInv:      It lets you see invisible.
   Will:      It increases your willpower.
 N - a +2 pair of boots of flying (worn)
 S - a +2 cloak of poison resistance (worn)
Jewellery
 k - a +4 ring of evasion (left hand)
 u - a +6 ring of dexterity (right hand)
 B - an amulet of magic regeneration (around neck)
 V - a ring of resist corrosion
Wands
 d - a wand of paralysis (30)
 g - a wand of digging (6)
 y - a wand of flame (39)
 A - a wand of polymorph (18)
 J - a wand of mindburst (1)
 X - a wand of iceblast (11)
Scrolls
 b - 4 scrolls of summoning
 c - 4 scrolls of fog
 e - 2 scrolls of fear
 h - 3 scrolls of poison
 m - 9 scrolls of immolation
 o - a scroll of teleportation
 q - 3 scrolls of enchant weapon
 r - 3 scrolls of blinking
 D - 3 scrolls of torment {unknown}
 I - 2 scrolls of brand weapon {unknown}
 K - a scroll of silence {unknown}
 L - 5 scrolls of enchant armour {unknown}
 Y - a scroll of magic mapping
Potions
 l - 7 potions of curing
 n - 4 potions of lignification
 p - 5 potions of cancellation
 t - 3 potions of heal wounds
 C - 5 potions of attraction
 E - 4 potions of berserk rage
 P - 3 potions of mutation
 T - a potion of invisibility
 Z - 2 potions of resistance
Miscellaneous
 j - a phantom mirror
 F - a piece from Xom's chessboard (15/15)
 Q - a condenser vane
 U - a box of beasts


   Skills:
 + Level 12.3 Fighting
 * Level 11.8 Axes
 + Level 10.0 Throwing
 + Level 11.0 Armour
 + Level 11.1 Dodging
 - Level 4.5 Stealth
 - Level 4.0 Shields
 + Level 11.9 Evocations


You had 14 spell levels left.
You didn't know any spells.
Your spell library contained the following spells:

 Spells                   Type           Power      Damage    Failure   Level
 Sting                    Tmut/Pois      0%         1d3       32%         1
 Ensorcelled Hibernation  Hex/Ice        0%         N/A       45%         2
 Passwall                 Tmut/Erth      0%         N/A       45%         2
 Poisonous Vapours        Pois/Air       0%         N/A       45%         2
 Sublimation of Blood     Necr           0%         N/A       45%         2
 Wereblood                Tmut           0%         N/A       45%         2
 Gell's Gravitas          Tloc           0%         N/A       69%         3
 Lesser Beckoning         Tloc           0%         N/A       69%         3
 Swiftness                Air            0%         N/A       69%         3
 Teleport Other           Tloc           0%         N/A       69%         3
 Cause Fear               Hex            0%         N/A       97%         4
 Olgreb's Toxic Radiance  Pois           0%         N/A       97%         4
 Iskenderun's Battlesphe  Conj           0%         2d6       100%        5
 Conjure Ball Lightning   Conj/Air       0%         3x3d6     100%        6
 Iron Shot                Conj/Erth      0%         9d1       100%        6
 Statue Form              Tmut/Erth      0%         N/A       100%        6
 Dragon Form              Tmut           0%         N/A       100%        7
 Spellforged Servitor     Conj/Summ      0%         N/A       100%        7
 Summon Hydra             Summ           0%         N/A       100%        7
 Necromutation            Tmut/Necr      0%         N/A       100%        8
 Dragon's Call            Summ           0%         N/A       100%        9


Dungeon Overview and Level Annotations

Branches:
Dungeon (15/15)            Temple (1/1) D:7            Lair (5/5) D:10
  Swamp (0/4) Lair:2       Spider (0/4) Lair:2        Slime (0/5) Lair:5
    Orc (2/2) D:11            Elf (0/3) Orc:2        Vaults (0/5) D:13
 Depths (0/4) D:15         Bailey (visited)           IceCv (visited)

Altars:
Ashenzari
Cheibriados
Dithmenos
Fedhas
Gozag
Hepliaklqana
Kikubaaqudgha
Makhleb
Okawaru
Qazlal
Ru
Sif Muna
Trog
Uskayaw
Vehumet
Xom
Yredelemnul
Jiyva
Lugonu

Shops:
D:4 *   Orc:2 (*[:![([[

Portals:
Abyss: Lair:5

Annotations:
D:15 Ruqebled's ghost, journeyman DjFE
Temple 2 transporters


Innate Abilities, Weirdness & Mutations

You have a pair of large horns on your head.
You are partially covered in rugged brown scales. (AC +1, +3% HP)
A weak demonic guardian rushes to your aid.
You sometimes emit foul miasma when damaged in melee.


Message History

Unknown command.
No target in view!
You now have 1844 gold pieces (gained 16).
You see here a +0 ring mail.
Unknown command.
A skeletal warrior is nearby!
You slice the skeletal warrior!! You freeze the skeletal warrior.
Your headbutt misses the skeletal warrior.
The skeletal warrior is heavily damaged.
You hear a shout! x2
The skeletal warrior barely misses you.
Unknown command.
You closely miss the skeletal warrior. You headbutt the skeletal warrior.
The skeletal warrior is severely damaged.
The skeletal warrior hits you with a +1 vorpal war axe.
The necromancer gestures at you while chanting.
The bolt of negative energy misses you.
The skeletal warrior hits you with a +1 vorpal war axe!!
The necromancer gestures at you while chanting.
The bolt of negative energy hits you!!
You feel drained.
You closely miss the skeletal warrior. You headbutt the skeletal warrior.
The skeletal warrior is severely damaged.
The skeletal warrior hits you but does no damage.
The lich casts a spell.
The lich seems to speed up.
Unknown command.
You slash the skeletal warrior! You freeze the skeletal warrior.
The skeletal warrior is severely damaged.
The lich launches a ball of destructive magic.
The skeletal warrior closely misses you.
An orb of destruction comes into view.
Unknown command.
You hit the skeletal warrior. You freeze the skeletal warrior.
Your headbutt misses the skeletal warrior.
The skeletal warrior is almost destroyed.
The skeletal warrior closely misses you.
The lich casts a spell at you. You resist with some effort.
The orb of destruction hits you!!!!
Ouch! That really hurt!
You die...

#.# #..#...............# # #.#
#........##..#############
##.#####.....#..##..#...........#
#........##..#..##..###.#######.#
##############...........# #.#
...p....#.#..# #.#
#####L#.....#..# #.#
....☼...##.#..# #.# #
##..z@.....#..######.#
#.#...#W#.##.#..)....#..
........#.##....[......#
#.#...###............#.#
#.....#.####.#######.#
.#.###.######## #......
......###HzpW.$$#####..
..#....'.4L♣ #.# #..
..####.#.♣zDT.8#z?####..


You could see a lich (fast), a skeletal warrior, a necromancer and Ruqebled's
ghost.

Vanquished Creatures
  A sphinx (D:15)
  A stone giant (D:15)
  A fire dragon (D:15)
  Josephine (D:10)
  5 hydras
  4 boulder beetles
  A catoblepas (Lair:5)
  An ogre mage (D:15)
  Erica (Orc:1)
  2 ironbound frosthearts (IceCv)
  5 two-headed ogres
  5 centaur warriors
  2 tengu warriors (D:15)
  7 death yaks
  2 thrashing horrors (Lair:5)
  Urug (D:12)
  An orc high priest (Orc:1)
  Nergalle (D:10)
  16 slime creatures
  Amaemon (D:9)
  A deep troll (D:15)
  Pikel (D:4)
  A deep elf pyromancer (D:15)
  A wizard (D:12)
  6 orc knights
  2 oklob plants
  A wolf spider (Lair:2)
  13 ugly things
  4 orc sorcerers
  5 cyclopes
  2 manticores
  3 black mambas
  An ice statue (IceCv)
  7 cane toads
  2 gargoyles (D:12)
  An orange demon (D:9)
  3 rime drakes
  An ancient zyme (Lair:5)
  6 komodo dragons
  A freezing wraith (D:14)
  8 trolls
  10 polar bears
  36 blink frogs
  4 dream sheep (Lair:5)
  A dream sheep (shapeshifter) (D:14)
  A spriggan (Lair:5)
  A shadow (D:10)
  A ynoxinul (Lair:5)
  A vampire (D:14)
  A jumping spider (Lair:2)
  A wyvern (Lair:2)
  7 wraiths
  A water elemental (D:14)
  4 hogs (D:11)
  50 yaks
  16 humans
  A steam dragon (D:8)
  2 fire elementals (Lair:3)
  6 basilisks
  5 chaos spawn (Lair:5)
  Menkaure (D:4)
  A redback (Lair:2)
  4 vampire mosquitoes (D:12)
  12 water moccasins
  5 ice beasts
  5 black bears
  2 large abominations (Lair:5)
  26 orc warriors
  9 small abominations (Lair:5)
  5 centaurs
  8 ogres
  2 phantoms (D:6)
  19 wolves
  4 kobold brigands
  7 bullfrogs
  A gnoll sergeant (D:9)
  4 scorpions
  13 wights
  18 killer bees
  3 electric eels
  A howler monkey (D:4)
  A lava snake (Lair:3)
  6 hounds
  24 orc priests
  6 jellies
  Natasha (thrice) (D:3)
  4 iguanas
  28 orc wizards
  A centaur simulacrum (D:8)
  A killer bee simulacrum (D:8)
  5 adders
  14 gnolls
  A shadow imp (D:5)
  14 white imps
  2 ufetubi
  A worm (D:3)
  93 orcs
  3 ball pythons
  17 endoplasms
  2 giant cockroaches
  6 goblins
  8 hobgoblins
  5 jackals (D:2)
  2 quokkas (D:2)
  3 bats (D:1)
  2 frilled lizards
  23 kobolds
  3 rats
706 creatures vanquished.

Vanquished Creatures (collateral kills)
  Saint Roka (Orc:2)
  Gastronok (Lair:2)
  A centaur warrior (D:13)
  A blink frog (Lair:5)
  A large abomination (Lair:5)
  A ynoxinul (Lair:5)
  A human (D:13)
  A redback (Lair:2)
  A warg (Orc:2)
  An orc warrior (Orc:1)
  A jelly (D:4)
  2 orc priests
  2 gnolls
  3 white imps (Orc:1)
  An orc (D:4)
  A kobold (D:6)
20 creatures vanquished.

Vanquished Creatures (others)
  2 yaks (IceCv)
  A human (D:6)
  An orc wizard (D:8)
  A hobgoblin (D:8)
  91 fungi
  65 plants
161 creatures vanquished.

Grand Total: 887 creatures vanquished

Notes
Turn   | Place    | Note
-------+----------+-------------------------------------------
     0 | D:5      | flotson the Demonspawn Delver began the quest for the Orb.
     0 | D:5      | Reached XP level 1. HP: 18/18 MP: 1/1
     2 | D:5      | Noticed a hound
    34 | D:5      | Noticed an ogre
   124 | D:5      | Noticed a scorpion
   632 | D:1      | You fall into a shaft and drop 1 floor!
   640 | D:2      | Gained mutation: A weak demonic guardian rushes to your
                  | aid. [demonic ancestry]
   640 | D:2      | Reached XP level 2. HP: 23/24 MP: 0/2
  1092 | D:2      | Found a faded altar of an unknown god.
  1148 | D:2      | Reached skill level 1 in Evocations
  1148 | D:2      | Gained mutation: You are partially covered in rugged brown
                  | scales. (AC +1, +3% HP) [demonic ancestry]
  1148 | D:2      | Reached XP level 3. HP: 5/29 MP: 0/3
  1482 | D:2      | Reached skill level 1 in Armour
  1853 | D:2      | Reached XP level 4. HP: 19/36 MP: 0/4
  2718 | D:3      | Noticed a scorpion
  2732 | D:3      | Killed a scorpion
  2733 | D:3      | Gained mutation: You may rarely emit foul miasma when
                  | damaged in melee. [demonic ancestry]
  2733 | D:3      | Reached XP level 5. HP: 18/43 MP: 0/5
  2950 | D:3      | Noticed Natasha
  3092 | D:3      | Found a hazy altar of Hepliaklqana.
  3253 | D:3      | Got the Secrets of the Mutated Lungs
  3429 | D:3      | Killed Natasha
  3642 | D:3      | Found a hazy altar of Hepliaklqana.
  3675 | D:3      | Noticed Natasha
  3683 | D:3      | Killed Natasha
  3731 | D:3      | Noticed Natasha
  3741 | D:3      | Killed Natasha
  3742 | D:3      | Reached skill level 4 in Fighting
  4192 | D:3      | Found a hazy altar of Hepliaklqana.
  4709 | D:4      | Reached XP level 6. HP: 48/49 MP: 0/6
  4943 | D:4      | Found Otrinip's General Store.
  4969 | D:4      | Bought a +0 buckler for 49 gold pieces
  5216 | D:4      | Noticed Menkaure
  5220 | D:4      | Killed Menkaure
  5221 | D:4      | Reached skill level 1 in Shields
  5221 | D:4      | Gained mutation: You have a pair of small horns on your
                  | head. [demonic ancestry]
  5221 | D:4      | Reached XP level 7. HP: 56/56 MP: 7/7
  5361 | D:4      | Noticed Pikel
  5618 | D:4      | Killed Pikel
  5619 | D:4      | Reached skill level 5 in Fighting
  5619 | D:4      | Reached XP level 8. HP: 30/63 MP: 6/8
  7253 | D:6      | Found an ancient bone altar of Kikubaaqudgha.
  7349 | D:6      | Reached XP level 9. HP: 55/71 MP: 6/9
  7696 | D:6      | Reached skill level 1 in Throwing
  7941 | D:6      | Reached skill level 5 in Evocations
  8046 | D:7      | Reached skill level 6 in Fighting
  8046 | D:7      | Reached skill level 5 in Axes
  8046 | D:7      | Reached skill level 5 in Dodging
  8179 | D:6      | HP: 3/71 [killer bee (8)]
  8808 | D:7      | Found a bloodstained altar of Trog.
  9303 | D:7      | Found a staircase to the Ecumenical Temple.
  9334 | Temple   | Entered the Ecumenical Temple
  9334 | Temple   | Found a transporter.
  9334 | Temple   | Found a transporter.
  9336 | Temple   | Found a transporter.
  9336 | Temple   | Found a transporter.
  9351 | Temple   | Became a worshipper of Gozag Ym Sagoz the Greedy
  9652 | D:8      | Found a flagged portal.
  9689 | Bailey   | Entered a bailey
  9988 | Bailey   | Noticed an orc knight
 10021 | Bailey   | Reached skill level 5 in Armour
 10156 | Bailey   | Killed an orc knight
 10157 | Bailey   | Reached XP level 10. HP: 79/79 MP: 10/10
 10180 | Bailey   | Noticed an orc knight
 10187 | Bailey   | Killed an orc knight
 10804 | D:7      | Reached skill level 7 in Fighting
 11623 | D:8      | Noticed a death yak
 11642 | D:8      | Killed a death yak
 12114 | D:9      | Gained mutation: You have a pair of horns on your head.
                  | [demonic ancestry]
 12114 | D:9      | Reached XP level 11. HP: 51/87 MP: 1/11
 12399 | D:9      | Noticed Amaemon
 12405 | D:9      | Noticed a boulder beetle
 12408 | D:9      | Noticed a centaur warrior
 12419 | D:9      | Killed a centaur warrior
 12570 | D:9      | Killed a boulder beetle
 12727 | D:9      | Killed Amaemon
 12728 | D:9      | Reached skill level 8 in Fighting
 12978 | D:9      | Found a snail-covered altar of Cheibriados.
 13097 | D:9      | Found a shimmering altar of Xom.
 13241 | D:9      | Reached skill level 5 in Throwing
 13445 | D:10     | Entered Level 10 of the Dungeon
 13882 | D:10     | Found a staircase to the Lair.
 13972 | D:10     | Noticed Nergalle
 13992 | D:10     | Killed Nergalle
 14091 | D:10     | Noticed Josephine
 14103 | D:10     | Killed Josephine
 14574 | D:10     | Gained mutation: You have a pair of large horns on your
                  | head. [demonic ancestry]
 14574 | D:10     | Reached XP level 12. HP: 96/96 MP: 10/12
 15183 | Lair:1   | Entered Level 1 of the Lair of Beasts
 15605 | Lair:1   | Identified the +2 robe of Nihilism {rPois}
 16215 | Lair:2   | Reached skill level 9 in Fighting
 16370 | Lair:2   | Found a burning altar of Makhleb.
 16393 | Lair:2   | Noticed Gastronok
 16841 | Lair:2   | Found a hole to the Spider Nest.
 17482 | Lair:2   | Found a staircase to the Swamp.
 17514 | Lair:2   | Killed Gastronok
 18652 | Lair:3   | Reached XP level 13. HP: 78/105 MP: 9/13
 20775 | Lair:4   | Reached skill level 10 in Fighting
 21121 | Lair:5   | Entered Level 5 of the Lair of Beasts
 22083 | Lair:5   | Found a viscous altar of Jiyva.
 22083 | Lair:5   | Found a staircase to the Slime Pits.
 22792 | Lair:5   | Reached skill level 10 in Evocations
 23896 | Lair:5   | Gained mutation: You sometimes emit foul miasma when
                  | damaged in melee. [demonic ancestry]
 23896 | Lair:5   | Reached XP level 14. HP: 101/114 MP: 12/14
 24069 | Lair:5   | Found a corrupted altar of Lugonu.
 24069 | Lair:5   | Found a one-way gate to the infinite horrors of the Abyss.
 25352 | D:11     | Found a staircase to the Orcish Mines.
 25835 | Orc:1    | Entered Level 1 of the Orcish Mines
 25849 | Orc:1    | Reached skill level 11 in Fighting
 25870 | Orc:1    | Found a frozen archway.
 25941 | Orc:1    | Noticed Erica
 25954 | Orc:1    | Killed Erica
 25985 | IceCv    | Entered an ice cave
 26372 | IceCv    | Reached skill level 10 in Dodging
 26488 | IceCv    | Reached skill level 10 in Axes
 26930 | IceCv    | Reached skill level 10 in Armour
 27293 | IceCv    | Identified the +6 great sword "Dacoliv" {flame, +Blink
                  | rElec Stlth+}
 28166 | Orc:2    | Entered Level 2 of the Orcish Mines
 28324 | Orc:2    | Found a staircase to the Elven Halls.
 28870 | Orc:2    | Noticed Saint Roka
 29996 | Orc:2    | Found Bigruck's Armour Boutique.
 30525 | Orc:2    | Found Qoeso's Book Shop.
 30862 | Orc:2    | Found Beaq's Distillery.
 30893 | Orc:2    | Bought a potion of heal wounds for 75 gold pieces
 30893 | Orc:2    | Bought a potion of heal wounds for 75 gold pieces
 30893 | Orc:2    | Bought a potion of curing for 45 gold pieces
 30893 | Orc:2    | Bought a potion of curing for 45 gold pieces
 31125 | D:4      | Bought a scroll of summoning for 104 gold pieces
 31125 | D:4      | Bought a box of beasts for 440 gold pieces
 31125 | D:4      | Bought a scroll of acquirement for 572 gold pieces
 31125 | D:4      | Bought a wand of digging (4) for 184 gold pieces
 31127 | D:4      | Acquired the +8 frozen axe "Frostbite" {freezing cloud,
                  | *Noise Fly rC+}
 31127 | D:4      | Found the +8 frozen axe "Frostbite" {freezing cloud, *Noise
                  | Fly rC+}
 31659 | Orc:2    | Killed Saint Roka
 31921 | Orc:2    | Found Cemuuselen's Antique Weapon Shop.
 32003 | Orc:2    | Found Usuajeuco's Antique Armour Shop.
 32017 | Orc:2    | Found Vuhadiod's General Store.
 32135 | Orc:2    | Bought a pair of smoking boots for 294 gold pieces
 32135 | Orc:2    | Identified the +1 pair of boots of Death's Door {*Corrode
                  | MP-9 Str+2 Dex+9} (You bought it in a shop on level 2 of
                  | the Orcish Mines)
 32135 | Orc:2    | Bought a shimmering leather armour for 217 gold pieces
 32135 | Orc:2    | Identified the +1 leather armour "Ennuf" {Rampage Str-3
                  | Int+3} (You bought it in a shop on level 2 of the Orcish
                  | Mines)
 32135 | Orc:2    | Bought an embroidered cloak for 232 gold pieces
 32135 | Orc:2    | Bought an encrusted ring mail for 279 gold pieces
 32135 | Orc:2    | Identified the +0 ring mail "Asoe" {rCorr Str+2} (You
                  | bought it in a shop on level 2 of the Orcish Mines)
 32135 | Orc:2    | Bought a glimmering leather armour for 217 gold pieces
 32135 | Orc:2    | Identified the +1 leather armour "Wius" {Rampage +Inv Will-
                  | Str+8} (You bought it in a shop on level 2 of the Orcish
                  | Mines)
 32181 | Orc:2    | Bought the +5 robe of Night {Dark Will+ SInv} for 1020 gold
                  | pieces
 32181 | Orc:2    | Found the +5 robe of Night {Dark Will+ SInv}
 32939 | D:12     | Reached XP level 15. HP: 123/123 MP: 13/15
 33245 | D:12     | Noticed Urug
 33258 | D:12     | Killed Urug
 34034 | D:13     | Found a gate to the Vaults.
 35092 | D:14     | Found a shimmering blue altar of Sif Muna.
 35278 | D:14     | Identified the +4 flail "Adiureud" {holy, rElec rC+}
 35305 | D:14     | Reached skill level 12 in Fighting
 36094 | D:15     | Entered Level 15 of the Dungeon
 36619 | D:15     | Noticed Ruqebled's ghost (journeyman DjFE)
 36620 | D:15     | Noticed a lich
 36901 | D:15     | Found a runed translucent door.
 36907 | D:15     | Noticed a sphinx
 36907 | D:15     | Noticed a storm dragon
 36914 | D:15     | HP: 4/122 [disintegration (27)]
 36919 | D:15     | Killed a sphinx
 37346 | D:15     | Found a staircase to the Depths.
 37564 | D:15     | Reached skill level 10 in Throwing
 37806 | D:15     | Blown up by a lich

Illustrated notes

Levels and vault maps discovered:
D:1:      dpeg_arrival_pits, layout_basic
D:2:      layout_rooms, dreamdust_ecumenical_altar_hidden_monk_grotto,
          dreamdust_mushroom_princess, dk_noncrumbling_4, cheibrodos_gnoll_hut
D:3:      layout_basic, lemuel_tele_altar, mainiacjoe_overflow_cross_hatched,
          minmay_distorted, uniq_natasha
D:4:      layout_loops_cross, serial_shops, nicolae_shop_behind_doors,
          nicolae_concentric_dashed_squares_mild, uniq_pikel, uniq_menkaure
D:5:      layout_loops_ring, lemuel_doored_altar
D:6:      minmay_inner_zag, layout_loops_ring, tgw_kikubaaqudgha
D:7:      layout_gridville, trog_three_pillars_becter, minmay_temple_entry_fiery
D:8:      layout_loops_ring, enter_bailey_4, serial_ice, serial_ice_i,
          serial_ice_e, serial_ice_m, serial_ice_b, serial_ice_h, serial_ice_n,
          serial_ice_a, chequers_jeans
D:9:      layout_basic, hangedman_abyss_or_decor_lesser_grid,
          hangedman_feature_mirror, uniq_amaemon
D:10:     layout_loops_corners, due_lair_maze_entry_diamond, serial_rivers,
          chequers_serial_rivers_micro_a, chequers_serial_rivers_large_a,
          chequers_serial_rivers_small_b, chequers_serial_rivers_large_b,
          chequers_serial_rivers_micro_a, chequers_serial_rivers_marsh,
          uniq_nergalle, uniq_josephine
D:11:     layout_cave_pools, david_orc_5, grunt_livestock, patterned_corridor
D:12:     layout_roguey, uniq_urug
D:13:     layout_basic, david_vaults_3, lemuel_freeze_loot_1
D:14:     layout_roguey, serial_park_paths [serial_park_minivault_5x5_4],
          nicolae_sif_muna_condensation
D:15:     grunt_enter_depths_snipers, layout_basic, muffindrake_ghost_dual_entry
Temple:   hellmonk_temple_divided_pantheon
Lair:1:   layout_chaotic_city
Lair:2:   layout_layer_cave, swamp_mist, spider_nest_entry_funnel_web,
          basic_altar, lemuel_fruit_fields, grunt_megastairs_4, uniq_gastronok
Lair:3:   layout_gridlike
Lair:4:   lemuel_slime, layout_layer_cave, nicolae_quartered_pool_medium,
          grunt_megastairs_1
Lair:5:   hellmonk_lair_end_abyssal_woods, layout_regular_city,
          minmay_slime_entry_oklob_open, serial_bayou_pond_e
Orc:1:    layout_diamond_mine, portal_ice_cave_entry_imps, uniq_erica
Orc:2:    grunt_orc_cross, layout_caves, serial_shops,
          nicolae_shop_behind_doors, shop

Skill      XL: |  1  2  3  4  5  6  7  8  9 10 11 12 13 14 15 |
---------------+----------------------------------------------+-----
Axes           | 2 3 4 5 6 7 8 9 10 11 | 11.8
Dodging        | 2 3 4 5 6 7 8 9 10 11 | 11.1
Evocations     | 1 2 3 4 5 6 8 9 10 11 | 11.9
Armour         | 1 2 3 4 5 6 7 8 9 10 11 | 11.0
Fighting       | 4 5 6 7 8 9 10 11 12 | 12.3
Shields        | 1 2 3 4 |  4.0
Throwing       | 2 4 5 7 8 9 10 | 10.0
Stealth        | |  4.5

Action                   |  1- 3 |  4- 6 |  7- 9 | 10-12 | 13-15 || total
-------------------------+-------+-------+-------+-------+-------++-------
Melee: Hand axe          |    94 |    61 |    29 |       |       ||   184
       Punch             |     2 |       |       |       |       ||     2
       Quarterstaff      |       |    67 |       |       |       ||    67
       Headbutt          |       |       |    68 |   118 |   259 ||   445
       Whip              |       |       |   301 |   111 |       ||   412
       War axe           |       |       |       |   441 |   830 ||  1271
       Executioner's axe |       |       |       |       |   256 ||   256
Throw: Boomerang         |       |       |    32 |    10 |    17 ||    59
       Dart              |       |       |       |    20 |       ||    20
       Javelin           |       |       |       |       |     3 ||     3
Invok: Call Merchant     |       |       |       |       |     3 ||     3
Evoke: Wand              |       |     3 |     9 |    10 |    10 ||    32
       Phantom mirror    |       |       |       |     1 |     3 ||     4
       Condenser vane    |       |       |       |       |     1 ||     1
  Use: Scroll            |     1 |       |     2 |    12 |    16 ||    31
       Potion            |       |       |     4 |     2 |     7 ||    13
 Stab: Sleeping          |     3 |     8 |     5 |     1 |     7 ||    24
       Paralysed         |       |       |     2 |       |       ||     2
       Distracted        |       |       |     1 |     4 |    19 ||    24
Armor: Leather armour    |    12 |       |       |       |    28 ||    40
       Ring mail         |    32 |    51 |    76 |       |       ||   159
       Fire dragon scale |       |       |       |   192 |   263 ||   455
       Robe              |       |       |       |       |    73 ||    73
Dodge: Dodged            |    60 |    94 |   271 |   420 |   948 ||  1793
Block: Buckler           |       |     2 |    93 |   158 |   192 ||   445
       Reflection        |       |       |       |     4 |     3 ||     7

Table legend: (Time is in decaauts)
 A = Elapsed time spent in this place.
 B = Non-inter-level travel time spent in this place.
 C = Inter-level travel time spent in this place.
 D = Time resting spent in this place.
 E = Time spent auto-exploring this place.
 F = Levels seen in this place.
 G = Mean time per level.
                   A        B        C        D        E       F      G
               +--------+--------+--------+--------+--------+-----+--------+
         Total |  38148 |  36729 |   1419 |   3535 |  27386 |  25 | 1525.9 |
       Dungeon |  21330 |  20459 |    871 |   1456 |  15908 |  15 | 1422.0 |
        Temple |     32 |     24 |      8 |      0 |      0 |   1 |   32.0 |
          Lair |   9717 |   9429 |    288 |    488 |   7533 |   5 | 1943.4 |
  Orcish Mines |   4563 |   4312 |    251 |   1196 |   2383 |   2 | 2281.5 |
        Bailey |    811 |    811 |      0 |      0 |    585 |   1 |  811.0 |
      Ice Cave |   1692 |   1692 |      0 |    395 |    976 |   1 | 1692.0 |
               +--------+--------+--------+--------+--------+-----+--------+

Top non-repeatable levels by time:
  Lair:5: 3581 daAuts
   Orc:1: 2300 daAuts
   Orc:2: 2262 daAuts
     D:3: 2170 daAuts
  Lair:2: 2141 daAuts
  Lair:4: 1924 daAuts
    D:10: 1833 daAuts
    D:15: 1740 daAuts
   IceCv: 1692 daAuts
    D:12: 1624 daAuts
     D:8: 1595 daAuts
     D:7: 1493 daAuts
     D:1: 1371 daAuts
     D:5: 1365 daAuts
     D:6: 1353 daAuts
